 Dungeon Sprint DCSS version 0.27-a0-592-g0306a34022 (webtiles) character file.

Game seed: 14213243866322852493

26 rocky1 the Chucker (level 3, -5/60 HPs)
             Began as an Ogre Hunter on Mar 11, 2021.
             Was an Initiate of Okawaru.
             Slain by a flying skull (9 damage)
             ... in the Dungeon (Sprint VII: "The Pits").
             The game lasted 00:01:19 (254 turns).

rocky1 the Chucker (Ogre Hunter)                     Turns: 254, Time: 00:01:19

Health: -5/60      AC:  3    Str: 16    XL:     3   Next: 8%
Magic:  4/4        EV: 10    Int: 12    God:    Okawaru [......]
Gold:   0          SH:  0    Dex: 10    Spells: 2/2 levels left

rFire    . . .     SeeInvis .   k - +2 mace
rCold    . . .     Faith    .   (no shield)
rNeg     . . .     Spirit   .   b - +0 robe
rPois    .         Reflect  .   (helmet restricted)
rElec    .         Harm     .   (no cloak)
rCorr    .         Rampage  .   (gloves unavailable)
Will     .....     NoTele   +   (boots unavailable)
Stlth    ..........             (no amulet)
HPRegen  0.20/turn              (no ring)
MPRegen  0.09/turn              (no ring)

@: berserking, very quick
A: large, unfitting armour, tough skin 1
a: Renounce Religion


You were in the Dungeon.
You worshipped Okawaru.
Okawaru was noncommittal.
You visited 1 branch

Inventory:

Hand Weapons
 k - a +2 mace (weapon)
Missiles
 c - 3 large rocks (quivered)
 d - 2 throwing nets
Armour
 b - a +0 robe (worn)
Scrolls
 j - a scroll of blinking
 l - 5 scrolls of amnesia
 m - a scroll of summoning
Potions
 a - 2 potions of invisibility
 e - a potion of curing
 g - a potion of haste
 h - 4 potions of magic
 i - 2 potions of berserk rage


   Skills:
 + Level 4.6 Fighting
 + Level 1.5 Maces & Flails
 + Level 4.9 Throwing
 + Level 3.1 Dodging
 - Level 0.6 Stealth
 + Level 1.9 Invocations


You had 2 spell levels left.
You didn't know any spells.
Your spell library was empty.

Dungeon Overview and Level Annotations

Branches:
Dungeon (1/1)

Altars:
Ashenzari
Cheibriados
Dithmenos
Elyvilon
Fedhas
Gozag
Hepliaklqana
Kikubaaqudgha
Makhleb
Nemelex Xobeh
Okawaru
Qazlal
Ru
Sif Muna
Trog
Uskayaw
Vehumet
Wu Jian
Xom
Yredelemnul
Zin
The Shining One
Beogh
Jiyva
Lugonu


Innate Abilities, Weirdness & Mutations

You are too large for most types of armour.
You have tough skin. (AC +1)


Message History

You throw a large rock. The large rock misses the flying skull.
The large rock hits the quokka zombie!
You destroy the quokka zombie!
Okawaru accepts your kill.
The flying skull hits you but does no damage.
The flying skull closely misses you.
Unknown command.
Throw: 4 large rocks
Press: ? - help, Q - select action, (/) - cycle Shift-Dir - straight line, f/p - flying skull
Aim: a flying skull (35% to hit)
You throw a large rock.
The large rock closely misses the flying skull.
The flying skull hits you! The flying skull closely misses you.
The flying skull hits you!
* * * LOW HITPOINT WARNING * * *
You feel much better. The flying skull closely misses you.
Unknown command.
A red film seems to cover your vision as you go berserk!
You feel yourself moving faster!
You feel mighty! The flying skull barely misses you. x2
Unknown command.
You thump the flying skull!
The flying skull is heavily damaged.
The flying skull hits you!
You closely miss the flying skull.
The flying skull is heavily damaged.
The flying skull hits you!
* * * LOW HITPOINT WARNING * * *
You sock the flying skull!
The flying skull is almost destroyed.
The flying skull completely misses you. The flying skull hits you.
* * * LOW HITPOINT WARNING * * *
You closely miss the flying skull.
The flying skull is almost destroyed.
The flying skull hits you.
* * * LOW HITPOINT WARNING * * *
You hit the flying skull.
The flying skull is almost destroyed.
The flying skull hits you!
You die...

#...........'.........
#+#####)#####......#..
#..#..# #.........
#.††..# ####'#####
#..#### #.......#
#..#..# #.......#
#..#.(# #.......#
##[#z.#+###...<...#
#..@.....##.......#
#........##.......#
###########.......#
#########


You could see a flying skull.

Vanquished Creatures
  An adder (D)
  An ufetubus (D)
  An adder zombie (D)
  A leopard gecko (D)
  An orc (D)
  A kobold (D)
  A quokka (D)
  A ball python (D)
  A quokka zombie (D)
9 creatures vanquished.

Notes
Turn   | Place    | Note
-------+----------+-------------------------------------------
     0 | D        | rocky1 the Ogre Hunter began the quest for the Orb.
     0 | D        | Reached XP level 1. HP: 22/22 MP: 1/1
    44 | D        | Found a bloodstained altar of Trog.
    44 | D        | Found a shimmering blue altar of Sif Muna.
    44 | D        | Found a viscous altar of Jiyva.
    44 | D        | Found a hazy altar of Hepliaklqana.
    44 | D        | Found an opulent altar of Gozag.
    45 | D        | Found a glowing golden altar of the Shining One.
    45 | D        | Found a glowing silver altar of Zin.
    45 | D        | Found a basalt altar of Yredelemnul.
    45 | D        | Found a shimmering altar of Xom.
    45 | D        | Found an ornate altar of the Wu Jian Council.
    45 | D        | Found a sacrificial altar of Ru.
    45 | D        | Found a stormy altar of Qazlal.
    45 | D        | Found an iron altar of Okawaru.
    45 | D        | Found a sparkling altar of Nemelex Xobeh.
    45 | D        | Found a burning altar of Makhleb.
    45 | D        | Found a blossoming altar of Fedhas.
    45 | D        | Found a white marble altar of Elyvilon.
    45 | D        | Found a shadowy altar of Dithmenos.
    45 | D        | Found a snail-covered altar of Cheibriados.
    48 | D        | Found a corrupted altar of Lugonu.
    48 | D        | Found a radiant altar of Vehumet.
    49 | D        | Found an ancient bone altar of Kikubaaqudgha.
    49 | D        | Found a hide-covered altar of Uskayaw.
    49 | D        | Found a broken altar of Ashenzari.
    53 | D        | Became a worshipper of Warmaster Okawaru
    75 | D        | Reached XP level 2. HP: 28/32 MP: 2/2
   176 | D        | Reached skill level 1 in Maces & Flails
   176 | D        | Reached skill level 1 in Invocations
   235 | D        | Reached XP level 3. HP: 40/40 MP: 4/4
   245 | D        | Noticed a flying skull
   254 | D        | Slain by a flying skull

Illustrated notes

Levels and vault maps discovered:
D:        pitsprint [storerooms_1, entrance_room_1, metal_vault_8, armoury_1,
          mini_pit_1, grid_room_1, main_hall_1, silver_pit, the_coven_3,
          the_vestibule_1, steel_vault_1, golden_pit, hallway_of_sentries,
          crystal_vault_1, iron_vault_1, final_vault]

Skill      XL: |  1  2 |
---------------+-------+-----
Fighting       | 3 4 |  4.6
Dodging        | 2 3 |  3.1
Maces & Flails | 1 |  1.5
Invocations    | 1 |  1.9
Throwing       | |  4.9
Stealth        | |  0.6

Action                   || total
-------------------------++-------
Melee: Mace              ||    28
Throw: Large rock        ||     4
  Use: Potion            ||     2
Armor: Robe              ||     5
Dodge: Dodged            ||    15

Table legend: (Time is in decaauts)
 A = Elapsed time spent in this place.
 B = Non-inter-level travel time spent in this place.
 C = Inter-level travel time spent in this place.
 D = Time resting spent in this place.
 E = Time spent auto-exploring this place.
 F = Levels seen in this place.
 G = Mean time per level.
                   A        B        C        D        E       F      G
               +--------+--------+--------+--------+--------+-----+--------+
         Total |    264 |    264 |      0 |    133 |      0 |   1 |  264.0 |
       Dungeon |    264 |    264 |      0 |    133 |      0 |   1 |  264.0 |
               +--------+--------+--------+--------+--------+-----+--------+

Top non-repeatable levels by time:
       D: 264 daAuts
